AoeStats
← JimothyB

Arabian Desert

511101175Analyzed
1v1 RM · 6h ago on Oct 3, 2026· 30m 27s· 2 players
Game mode
Random Map
Map size
Tiny (2 player)
Population
200
Speed
Normal
Resources
Standard
Victory
Conquest
Starting age
Dark Age
Ending age
Imperial Age
RankedLock teamsTeams togetherTeam positionsShared explorationLock speedFull tech treeHidden civsTurbo modeCheats
Victory
Defeat
🇲🇽 Tatars · Mexico
1708
+11
🇺🇸 Varangians · United States
1604
-11
ELEG | Huitzilopochtli
6:09 Loom
9:07 Feudal Age
10:09 Double-Bit Axe
15:38 Fletching
22:23 Castle Age
20:52 Bloodlines
21:37 Gold Mining
21:29 Horse Collar
22:19 Padded Archer Armor
26:14 Bodkin Arrow
JimothyB
7:38 Loom
10:30 Feudal Age
10:31 Man-at-Arms
11:53 Double-Bit Axe
14:41 Horse Collar
16:50 Bloodlines
17:21 Scale Barding Armor
19:14 Wheelbarrow
23:39 Castle Age
22:23 Forging
22:10 Gold Mining
22:58 Fletching
24:02 Padded Archer Armor
24:23 Husbandry
25:01 Chain Barding Armor
25:03 Town Watch
25:17 Bodkin Arrow
27:38 Light Cavalry
29:08 Elite Skirmisher
Connection lost

Rejoining the realm…

Still unreachable

The connection could not be restored.

Session expired

The server has moved on; the page needs a fresh start.